 Dungeon Crawl Stone Soup version 0.29-a0-234-g0dae59b3db (webtiles) character file.

Game seed: 12155665811528717234

296 drugrobin the Chopper (level 5, 0/42 HPs)
             Began as a Demigod Fighter on Mar 4, 2022.
             Slain by jfcaron's ghost (1 damage)
             ... on level 3 of the Dungeon.
             The game lasted 00:07:19 (4267 turns).

drugrobin the Chopper (Demigod Fighter)             Turns: 4267, Time: 00:07:19

Health: 0/42       AC: 15    Str: 21    XL:     5   Next: 87%
Magic:  7/7        EV:  5    Int: 10    God:
Gold:   102        SH:  4    Dex: 13    Spells: 4/4 levels left

rFire   . . .      SeeInvis .   a - +0 war axe
rCold   . . .      Faith    .   c - +0 buckler
rNeg    . . .      Spirit   .   j - +0 plate armour
rPois   +          Reflect  .   (no helmet)
rElec   .          Harm     .   s - +0 cloak {rPois}
rCorr   .          Rampage  .   q - +2 pair of gloves
Will    .....                   (no boots)
Stlth   ..........              (no amulet)
HPRegen 0.14/turn               (no ring)
MPRegen 0.10/turn               (no ring)

@: no status effects
A: high MP 1, forlorn, divine attributes
a: no special abilities


You were on level 3 of the Dungeon.
You visited 1 branch of the dungeon, and saw 3 of its levels.

You collected 102 gold pieces.

Inventory:

Hand Weapons
 a - a +0 war axe (weapon)
Missiles
 e - 139 stones (quivered)
Armour
 b - a +0 scale mail
 c - a +0 buckler (worn)
 j - a +0 plate armour (worn)
 k - the +1 pair of boots of Green Creativity {Harm Str+2}
   (You found it on level 3 of the Dungeon)

   Str:       It affects your strength (+2).
   Harm:      It increases damage dealt and taken.
 q - a +2 pair of gloves (worn)
 s - a +0 cloak of poison resistance (worn)
Scrolls
 f - 5 scrolls of identify {unknown}
 h - a scroll of magic mapping {unknown}
 i - 2 scrolls of enchant weapon {unknown}
 l - 3 scrolls of blinking {unknown}
 m - a scroll of immolation {unknown}
 p - a scroll of fog {unknown}
 r - a scroll of acquirement {unknown}
 t - a scroll of amnesia {unknown}
Potions
 d - a potion of might
 g - a potion of cancellation {unknown}
 n - a potion of brilliance {unknown}
 o - a potion of resistance {unknown}


   Skills:
 - Level 2.6 Fighting
 + Level 5.9 Axes
 - Level 2.6 Armour
 - Level 2.6 Shields


You had 4 spell levels left.
You didn't know any spells.
Your spell library contained the following spells:

 Spells                   Type           Power      Damage    Failure   Level
 Slow                     Hex            0%         N/A       100%        1
 Blink                    Tloc           0%         N/A       100%        2
 Confusing Touch          Hex            0%         N/A       100%        3
 Conjure Flame            Conj/Fire      0%         6-21      100%        3
 Ignite Poison            Fire/Tmut/Pois 0%         N/A       100%        3
 Lesser Beckoning         Tloc           0%         N/A       100%        3
 Vampiric Draining        Necr           0%         2d6       100%        3
 Sticky Flame             Conj/Fire      0%         2d3       100%        4
 Manifold Assault         Tloc           0%         N/A       100%        5


Dungeon Overview and Level Annotations

Branches:
Dungeon (3/15)

Annotations:
D:2 Sigmund
D:3 jfcaron's ghost, amateur DsFi


Innate Abilities, Weirdness & Mutations

You have an increased reservoir of magic. (+10% MP)
You shall have no god before yourself.
Your divine heritage dramatically boosts your attributes as you level up.


Message History

Unknown command.
You hit jfcaron's ghost.
Jfcaron's ghost is severely damaged.
Jfcaron's ghost hits you.
* * * LOW HITPOINT WARNING * * *
Unknown command.
Unknown command.
You hit jfcaron's ghost but do no damage.
Jfcaron's ghost is severely damaged.
Jfcaron's ghost barely misses you.
Unknown command.
Unknown command.
You slash jfcaron's ghost!
Jfcaron's ghost is almost destroyed.
Jfcaron's ghost hits you but does no damage.
Jfcaron's ghost barely misses you.
Unknown command.
Unknown command.
Unknown command.
You hit jfcaron's ghost.
Jfcaron's ghost is almost destroyed.
You block jfcaron's ghost's attack.
Unknown command.
Unknown command.
You hit jfcaron's ghost but do no damage.
Jfcaron's ghost is almost destroyed.
Jfcaron's ghost hits you but does no damage.
Unknown command.
Unknown command.
You hit jfcaron's ghost but do no damage.
Jfcaron's ghost is almost destroyed.
Jfcaron's ghost hits you!
* * * LOW HITPOINT WARNING * * *
Unknown command.
Unknown command.
You completely miss jfcaron's ghost.
Jfcaron's ghost is almost destroyed.
Jfcaron's ghost hits you but does no damage.
Jfcaron's ghost hits you.
You die...

##.##.# #..#.#
##.#.# #.#.#
#.#.# #.#.# #...#
##..# ####
#######..# ##@.#
#.....#########W#
#.###.##≈(≈≈≈≈'.#
#.# #.#########.#
#.###.##>#####..#
#.#...##)......##
#.#.####.#######
#.#.# #.#
#.#.####.#


You could see jfcaron's ghost.

Vanquished Creatures
  A bullfrog (D:3)
  Crazy Yiuf (D:2)
  Jessica (D:2)
  Natasha (thrice) (D:2)
  6 adders
  A worm (D:2)
  3 dart slugs (D:1)
  4 bats
  6 endoplasms
  2 giant cockroaches
  4 goblins
  2 hobgoblins (D:1)
  4 kobolds
  2 quokkas
  6 ball pythons
  3 frilled lizards
  3 rats
52 creatures vanquished.

Vanquished Creatures (others)
  2 fungi (D:2)
2 creatures vanquished.

Grand Total: 54 creatures vanquished

Notes
Turn   | Place    | Note
-------+----------+-------------------------------------------
     0 | D:1      | drugrobin the Demigod Fighter began the quest for the Orb.
     0 | D:1      | Reached XP level 1. HP: 18/18 MP: 3/3
    23 | D:1      | Reached skill level 2 in Axes
   193 | D:1      | Reached XP level 2. HP: 22/25 MP: 4/4
   307 | D:1      | Reached skill level 3 in Axes
  1009 | D:2      | Reached XP level 3. HP: 21/30 MP: 5/5
  1266 | D:2      | Noticed Jessica
  1284 | D:2      | Killed Jessica
  1376 | D:2      | Noticed Sigmund
  1457 | D:3      | Identified the +1 pair of boots of Green Creativity {Harm
                  | Str+2}
  1500 | D:3      | Reached skill level 4 in Axes
  1740 | D:3      | Noticed an ice beast
  1815 | D:2      | Noticed Natasha
  1830 | D:2      | Killed Natasha
  1831 | D:2      | Reached XP level 4. HP: 13/37 MP: 6/6
  2073 | D:2      | Noticed Natasha
  2415 | D:2      | Killed Natasha
  2579 | D:2      | Noticed Natasha
  2722 | D:2      | Killed Natasha
  2723 | D:2      | Reached skill level 5 in Axes
  2723 | D:2      | Reached XP level 5. HP: 41/42 MP: 7/7
  3066 | D:2      | Found a runed translucent door.
  3067 | D:2      | Noticed Crazy Yiuf
  3114 | D:2      | Killed Crazy Yiuf
  3434 | D:3      | HP: 1/42 [ice beast (12)]
  3889 | D:3      | Found a runed translucent door.
  4080 | D:3      | Noticed jfcaron's ghost (amateur DsFi)
  4266 | D:3      | HP: 1/42 [jfcaron's ghost (10)]
  4267 | D:3      | Slain by jfcaron's ghost

Illustrated notes

Levels and vault maps discovered:
D:1:      dpeg_arrival_simpleton_a, layout_basic, skrybe_limestone_x,
          kennysheep_decorative_pillar
D:2:      layout_loops_cross, dreamdust_ecumenical_altar_angels_and_demons,
          uniq_jessica, uniq_sigmund, uniq_crazy_yiuf_cottage, uniq_natasha
D:3:      layout_basic, ebering_ghost_sewer_d, kennysheep_boxes

Skill      XL: |  1  2  3  4 |
---------------+-------------+-----
Axes           | 2 3 4 5 |  5.9
Fighting       | |  2.6
Armour         | |  2.6
Shields        | |  2.6

Action                   |  1- 3 |  4- 6 || total
-------------------------+-------+-------++-------
Melee: War axe           |    94 |   101 ||   195
Throw: Stone             |     9 |     6 ||    15
Armor: Scale mail        |    39 |       ||    39
       Plate armour      |    10 |    68 ||    78
Dodge: Dodged            |    35 |    22 ||    57
Block: Buckler           |    18 |    21 ||    39

Table legend: (Time is in decaauts)
 A = Elapsed time spent in this place.
 B = Non-inter-level travel time spent in this place.
 C = Inter-level travel time spent in this place.
 D = Time resting spent in this place.
 E = Time spent auto-exploring this place.
 F = Levels seen in this place.
 G = Mean time per level.
                   A        B        C        D        E       F      G
               +--------+--------+--------+--------+--------+-----+--------+
         Total |   4356 |   4308 |     48 |   1245 |   2037 |   3 | 1452.0 |
       Dungeon |   4356 |   4308 |     48 |   1245 |   2037 |   3 | 1452.0 |
               +--------+--------+--------+--------+--------+-----+--------+

Top non-repeatable levels by time:
     D:2: 1599 daAuts
     D:3: 1422 daAuts
     D:1: 1335 daAuts
